 Dungeon Crawl Stone Soup version 0.31.0-9-g3a7656b989 (webtiles) character file.

Game seed: 10442501553898819213

21 Kallu the Digger (level 2, -3/19 HPs)
             Began as a Vampire Earth Elementalist on Jan 29, 2024.
             Slain by Terence
             ... wielding a +0 mace
              (10 damage)
             ... on level 1 of the Dungeon.
             The game lasted 00:01:22 (649 turns).

Kallu the Digger (Vampire Earth Elementalist)        Turns: 649, Time: 00:01:22

Health: -3/19      AC:  2    Str:  7    XL:     2   Next: 62%
Magic:  2/5        EV: 12    Int: 17    God:
Gold:   29         SH:  0    Dex: 14    Spells: 4/5 levels left

rFire   . . .        (no weapon)
rCold   . . .        (no shield)
rNeg    . . .        a - +0 robe
rPois   .            (no helmet)
rElec   .            (no cloak)
rCorr   .            (no gloves)
SInv    +            (no boots)
Will    .....        (no amulet)
Stlth   ++           (no ring)
HPRegen 0.43/turn    (no ring)
MPRegen 0.09/turn

%: no passive effects
@: healing quickly
A: alive, fangs 3, see invisible, vampiric 1
a: Exsanguinate


You were on level 1 of the Dungeon.
You visited 1 branch of the dungeon, and saw 2 of its levels.

You collected 29 gold pieces.

Inventory:

Armour
 a - a +0 robe (worn)
Scrolls
 c - 2 scrolls of fog {unknown}
 d - 4 scrolls of immolation {unknown}
 f - a scroll of torment {unknown}
Potions
 b - a potion of magic
 e - a potion of resistance {unknown}


   Skills:
 - Level 2.1 Dodging
 - Level 3.0 Stealth
 - Level 2.0 Spellcasting
 - Level 0.6 Conjurations
 + Level 4.0 Earth Magic


You had 4 spell levels left.
You knew the following spells:

 Your Spells              Type           Power      Damage    Failure   Level
a - Sandblast             Erth           30%        2d9       3%          1

Your spell library contained the following spells:

 Spells                   Type           Power      Damage    Failure   Level
 Passwall                 Erth           15%        N/A       11%         3
 Stone Arrow              Conj/Erth      18%        3d8       22%         3
 Brom's Barrelling Bould  Conj/Erth      9%         2d3       58%         4
 Petrify                  Alch/Erth      8%         N/A       63%         4


Dungeon Overview and Level Annotations

Branches:
Dungeon (2/15)

Altars:

Annotations:
D:1 Terence


Innate Abilities, Weirdness & Mutations

Your natural rate of healing is accelerated.
You have razor-sharp teeth.
You have supernaturally acute eyesight. (SInv)
You are afflicted with vampirism.


Message History

Found a stone staircase leading down.
A goblin comes into view. It is wielding a +0 dagger.
A goblin is nearby!
The goblin shouts!
A rat comes into view.
The blast of sand hits the goblin!
You kill the goblin!
Your Earth Magic skill increases to level 4!
Terence the Incautious comes into view.
He is wielding a +0 mace.
Things that are here:
7 gold pieces; a +0 dagger; a goblin corpse
Found 16 gold pieces.
The blast of sand hits the rat!
You kill the rat!
The blast of sand hits Terence.
Terence is lightly wounded.
The blast of sand misses Terence.
Terence hits you with a +0 mace. Terence closely misses you.
The blast of sand hits Terence but does no damage.
Terence is lightly wounded.
Terence hits you with a +0 mace.
Things that are here:
7 gold pieces; a +0 dagger; a goblin corpse Terence barely misses you.
Terence attacks as he pursues you! Terence hits you with a +0 mace.
Terence attacks as he pursues you! Terence hits you with a +0 mace.
There is a stone staircase leading up here.
Terence hits you with a +0 mace.
You climb upwards.
There is a stone staircase leading down here.
Terence attacks as he pursues you! Terence hits you with a +0 mace.
* * * LOW HITPOINT WARNING * * *
Terence attacks as he pursues you! Terence hits you with a +0 mace.
* * * LOW HITPOINT WARNING * * *
Terence barely misses you. Terence attacks as he pursues you!
Terence closely misses you. Terence attacks as he pursues you!
Terence hits you with a +0 mace!
Ouch! That really hurt!
You die...
Terence says, "Time to find some more victims."

....############ ############
.......#.......# ##...........
....##.........# ##............
###..###.......#####.............
##.# #.#.......................
#.###.#......###..............
#..##.#.......................
##..#[#.......@.#.............
###.#.#......@###.............
###...#.#......## #.............
##8#####.######..####............
..>..........<#...##.....##...#..
##8#####.#######.....#####.......
.### #.#.#....##.>...............
## #.#.#....##.>.............#.
#.#.#........)............#.
#.#.#.................#...#.


You could see Terence.

Vanquished Creatures
  An endoplasm (D:1)
  2 goblins
  4 hobgoblins (D:1)
  A quokka (D:1)
  3 ball pythons (D:1)
  3 bats (D:1)
  2 frilled lizards (D:1)
  4 rats
20 creatures vanquished.

Notes
Turn   | Place    | Note
-------+----------+-------------------------------------------
     0 | D:1      | Kallu the Vampire Earth Elementalist began the quest for
                  | the Orb.
     0 | D:1      | Reached XP level 1. HP: 13/13 MP: 3/3
   265 | D:1      | Reached XP level 2. HP: 19/19 MP: 3/5
   622 | D:2      | Reached skill level 4 in Earth Magic
   622 | D:2      | Noticed Terence
   649 | D:1      | Slain by Terence

Illustrated notes

Levels and vault maps discovered:
D:1:      lemuel_arrival_cross, layout_rooms
D:2:      layout_basic, shapermc_ecumenical_altar_totnotflames, basic_altar,
          minmay_domino_2, uniq_crazy_yiuf_cottage, uniq_natasha, uniq_terence

Skill      XL: |  1  2 |
---------------+-------+-----
Earth Magic    | 4 |  4.0
Dodging        | |  2.1
Stealth        | |  3.0
Spellcasting   | |  2.0
Conjurations   | |  0.6

Action                     || total
---------------------------++-------
  Melee: Unarmed           ||    13
         Bite              ||     1
   Cast: Sandblast         ||    28
 Armour: Robe              ||    21
  Dodge: Dodged            ||    13
